 Dungeon Crawl Stone Soup version 0.29.1 (webtiles) character file.

Game seed: 6553500304550612111

1270 Leibowitz the Covert (level 8, -1/48 HPs)
             Began as a Kobold Gladiator on Sept 14, 2022.
             Slain by a gnoll
             ... wielding a +0 flail
             ... led by a gnoll sergeant
              (7 damage)
             ... on level 6 of the Dungeon.
             The game lasted 00:15:25 (6077 turns).

Leibowitz the Covert (Kobold Gladiator)             Turns: 6077, Time: 00:15:26

Health: -1/48      AC:  5    Str: 11    XL:     8   Next: 83%
Magic:  8/8        EV: 17    Int:  9    God:
Gold:   292        SH:  0    Dex: 19    Spells: 7/7 levels left

rFire   . . .      SeeInvis .   a - +2 dagger (venom)
rCold   . . .      Faith    .   (no shield)
rNeg    . . .      Spirit   .   b - +0 leather armour
rPois   .          Reflect  .   c - +0 helmet
rElec   .          Harm     .   (no cloak)
rCorr   +          Rampage  .   (no gloves)
Will    .....                   C - +0 pair of boots
Stlth   +++++.....              J - amulet of regeneration
HPRegen 0.96/turn               H - ring of resist corrosion
MPRegen 0.11/turn               (no ring)

@: lethally poisoned (-1 -> -12)
A: small, no large weapons, nightstalker 3
a: no special abilities


You were on level 6 of the Dungeon.
You visited 2 branches of the dungeon, and saw 7 of its levels.
You also visited: Sewer.

You collected 292 gold pieces.

Inventory:

Hand Weapons
 a - a +2 dagger of venom (weapon)
 l - a +0 rapier
Missiles
 d - 3 throwing nets
 u - 4 poisoned darts (quivered)
 I - 3 atropa-tipped darts
Armour
 b - a +0 leather armour (worn)
 c - a +0 helmet (worn)
 C - a +0 pair of boots (worn)
Jewellery
 H - a ring of resist corrosion (left hand)
 J - an amulet of regeneration (around neck)
Wands
 s - a wand of flame (10)
 A - a wand of quicksilver (18)
Scrolls
 f - 4 scrolls of identify {unknown}
 g - 6 scrolls of fear {unknown}
 k - a scroll of enchant weapon {unknown}
 m - 2 scrolls of vulnerability {unknown}
 n - a scroll of magic mapping {unknown}
 p - 2 scrolls of poison {unknown}
 q - a scroll of fog {unknown}
 r - a scroll of summoning {unknown}
 v - a scroll of blinking {unknown}
 y - a scroll of immolation {unknown}
 D - 2 scrolls of noise {unknown}
 F - 2 scrolls of teleportation {unknown}
Potions
 e - a potion of mutation {unknown}
 h - 2 potions of heal wounds {unknown}
 i - a potion of attraction {unknown}
 j - 3 potions of haste {unknown}
 o - 3 potions of flight {unknown}
 t - a potion of lignification {unknown}
 w - 2 potions of resistance
 x - a potion of brilliance {unknown}
 z - a potion of magic {unknown}
 B - a potion of cancellation {unknown}
 E - a potion of invisibility {unknown}
 G - a potion of ambrosia {unknown}


   Skills:
 * Level 4.2 Fighting
 * Level 7.2 Short Blades
 - Level 2.2 Throwing
 * Level 3.4 Armour
 * Level 5.7 Dodging
 * Level 8.3 Stealth


You had 7 spell levels left.
You didn't know any spells.
Your spell library contained the following spells:

 Spells                   Type           Power      Damage    Failure   Level
 Magic Dart               Conj           0%         1d3       45%         1
 Necrotise                Necr           0%         1d4       45%         1
 Call Imp                 Summ           0%         N/A       61%         2
 Mephitic Cloud           Conj/Pois/Air  0%         N/A       83%         3
 Vampiric Draining        Necr           0%         2d6       83%         3
 Agony                    Necr           0%         N/A       100%        5


Dungeon Overview and Level Annotations

Branches:
Dungeon (6/15)             Temple (1/1) D:5           Sewer (visited)

Altars:
Cheibriados
Elyvilon
Gozag
Hepliaklqana
Makhleb
Nemelex Xobeh
Okawaru
Qazlal
Sif Muna
Trog
Uskayaw
Vehumet
Yredelemnul
Zin
The Shining One

Shops:
D:4 [

Annotations:
D:6 Prince Ribbit


Innate Abilities, Weirdness & Mutations

You are small and have problems with some larger weapons.
You are completely attuned to the shadows.


Message History

The gnoll is moderately wounded.
The gnoll hits you with a +0 spear.
You closely miss the gnoll. You punch the gnoll, but do no damage.
The gnoll is moderately wounded.
The gnoll hits you with a +0 spear.
A gnoll comes into view. It is wielding a +0 flail.
You hit the gnoll.
The gnoll is heavily wounded.
You hit the gnoll.
The gnoll looks as sick as possible!
The gnoll is almost dead.
The gnoll sergeant barely misses you. The gnoll hits you with a +0 spear.
You hit the gnoll.
You kill the gnoll!
Found a transparent chain mail.
The gnoll sergeant barely misses you.
You barely miss the gnoll sergeant.
A gnoll comes into view. It is wielding a +0 club.
The gnoll sergeant hits you with a +1 trident of venom!
You are poisoned.
You hit the gnoll sergeant.
The gnoll sergeant is poisoned.
The gnoll sergeant is lightly wounded.
You feel sick.
A gnoll comes into view. It is wielding a +0 club.
The gnoll sergeant hits you with a +1 trident of venom!
* * * LOW HITPOINT WARNING * * *
The gnoll barely misses you.
The gnoll shouts!
You hit the gnoll sergeant but do no damage.
The gnoll sergeant looks as sick as possible!
The gnoll sergeant is lightly wounded.
You feel sick.
You hit the gnoll sergeant but do no damage.
The gnoll sergeant looks as sick as possible!
The gnoll sergeant is lightly wounded.
You feel sick.
A gnoll comes into view. It is wielding a +0 spear.
The gnoll sergeant hits you with a +1 trident of venom.
* * * LOW HITPOINT WARNING * * *
You are lethally poisoned!
The gnoll hits you with a +0 flail!
You die...

.......#.....#..###...#
......###...###.##..###
.......#.....#.....##
....<#....##......####
......# ##........#
........ .#.........#
.......#. ...#:.?....#
#.....### ..###......#
#..#.)@g.#.#
.......g.#.. ##....g.#
##..g..# [..#g.#


You could see a gnoll sergeant (extremely poisoned) and 4 gnolls.

Vanquished Creatures
  Menkaure (D:6)
  A black bear (D:4)
  2 ogres
  A centaur (D:6)
  A kobold brigand (Sewer)
  2 scorpions (D:5)
  3 necrophages
  Jessica (D:3)
  2 iguanas
  4 orc wizards
  Terence (D:3)
  5 adders
  9 gnolls
  A river rat (Sewer)
  An ufetubus (D:5)
  5 worms
  A dart slug (D:1)
  5 orcs
  7 endoplasms
  8 giant cockroaches
  4 goblins
  3 hobgoblins
  7 kobolds
  9 quokkas
  10 ball pythons
  5 bats
  2 frilled lizards
  8 rats
109 creatures vanquished.

Notes
Turn   | Place    | Note
-------+----------+-------------------------------------------
     0 | D:1      | Leibowitz the Kobold Gladiator began the quest for the Orb.
     0 | D:1      | Reached XP level 1. HP: 12/12 MP: 1/1
   134 | D:1      | Reached XP level 2. HP: 17/17 MP: 2/2
   459 | D:1      | Reached XP level 3. HP: 21/21 MP: 3/3
   933 | D:2      | Reached skill level 1 in Stealth
  1071 | D:2      | Reached XP level 4. HP: 21/27 MP: 4/4
  1519 | D:3      | Noticed Terence
  1523 | D:3      | Killed Terence
  1524 | D:3      | Reached skill level 1 in Armour
  1524 | D:3      | Reached skill level 2 in Stealth
  1546 | D:3      | Found a faded altar of an unknown god.
  1656 | D:3      | Found a glowing drain.
  1666 | Sewer    | Entered a sewer
  1720 | Sewer    | Reached skill level 5 in Short Blades
  1731 | Sewer    | Noticed a kobold brigand
  1742 | Sewer    | Killed a kobold brigand
  1743 | Sewer    | Reached skill level 3 in Stealth
  1743 | Sewer    | Reached XP level 5. HP: 19/31 MP: 5/5
  2010 | Sewer    | Reached XP level 6. HP: 12/36 MP: 6/6
  2237 | Sewer    | Reached skill level 4 in Stealth
  2955 | D:3      | Noticed Jessica
  2969 | D:3      | Killed Jessica
  3333 | D:4      | Reached skill level 5 in Stealth
  3333 | D:4      | Reached XP level 7. HP: 41/41 MP: 7/7
  3423 | D:4      | HP: 1/41 [gnoll/+0 spear (4)]
  3838 | D:4      | Reached skill level 5 in Dodging
  3996 | D:4      | Found a glowing silver altar of Zin.
  4093 | D:4      | Found Fahaet's Armour Emporium.
  4433 | D:4      | Reached skill level 6 in Stealth
  4608 | D:5      | Entered Level 5 of the Dungeon
  4700 | D:5      | Reached XP level 8. HP: 46/46 MP: 8/8
  4769 | D:5      | Found a snail-covered altar of Cheibriados.
  4770 | D:5      | Found a stormy altar of Qazlal.
  4805 | D:5      | Found a staircase to the Ecumenical Temple.
  4812 | Temple   | Entered the Ecumenical Temple
  4897 | D:5      | Reached skill level 7 in Stealth
  5616 | D:6      | Noticed Menkaure
  5620 | D:6      | Killed Menkaure
  5758 | D:6      | Noticed Prince Ribbit
  6014 | D:6      | Reached skill level 8 in Stealth
  6077 | D:6      | Slain by a gnoll

Illustrated notes

Levels and vault maps discovered:
D:1:      sevenhm_arrival_forest_fort_small_5, layout_basic
D:2:      layout_rooms, chequers_serial_rivers_micro_a
D:3:      layout_rooms, gup_sewer_entry_pipe,
          shapermc_ecumenical_altar_mp_urbaneastern, uniq_jessica, uniq_terence
D:4:      layout_basic, mainiacjoe_overflow_24_doors, serial_shops, shop_coins
D:5:      layout_basic, nicolae_overflow_squiral, minmay_temple_entry_grid,
          nrook_loot_triangle
D:6:      layout_cave_pools, serial_glass, glass_columns_a, glass_columns_a,
          glass_columns_b, glass_columns_c, glass_columns_c, glass_columns_a,
          glass_columns_a, glass_columns_c, due_unseen_surprise,
          minmay_strange_pillars, minmay_strange_pillars, item_on_display_a,
          uniq_prince_ribbit1, uniq_menkaure
Temple:   hellmonk_temple_two_chambers

Skill      XL: |  1  2  3  4  5  6  7  8 |
---------------+-------------------------+-----
Dodging        | 4 5 |  5.7
Stealth        | 1 3 5 6 8 |  8.3
Armour         | 1 2 3 |  3.4
Short Blades   | 5 6 7 |  7.2
Fighting       | 3 4 |  4.2
Throwing       | |  2.2

Action                   |  1- 3 |  4- 6 |  7- 9 || total
-------------------------+-------+-------+-------++-------
Melee: Rapier            |    37 |       |       ||    37
       Dagger            |    35 |   117 |   151 ||   303
       Punch             |       |     1 |     4 ||     5
 Stab: Sleeping          |    14 |    17 |    11 ||    42
       Distracted        |       |       |     2 ||     2
Armor: Leather armour    |    15 |    19 |    16 ||    50
Dodge: Dodged            |    42 |    60 |    67 ||   169
